 Dungeon Crawl Stone Soup version 0.22-a0-367-gb72a975 (webtiles) character file.

28 khargal the Skirmisher (level 3, 24/24 HPs)
             Began as a Gargoyle Monk on Apr 22, 2018.
             Quit the game on level 2 of the Dungeon.
             The game lasted 00:01:31 (1451 turns).

khargal the Skirmisher (Gargoyle Monk)              Turns: 1451, Time: 00:01:32

Health: 24/24      AC:  5    Str: 15    XL:     3   Next: 14%
Magic:  3/3        EV: 12    Int: 10    God:
Gold:   40         SH:  0    Dex: 12    Spells: 2/2 levels left

rFire    . . .     SeeInvis .   e - +0 whip
rCold    . . .     Gourm    .   (no shield)
rNeg     + . .     Faith    .   b - +0 robe
rPois    ∞         Spirit   .   (no helmet)
rElec    +         Reflect  .   (no cloak)
rCorr    .         Harm     .   (no gloves)
MR       .....                  (no boots)
Stlth    ++........             (no amulet)
HPRegen  0.08/turn              (no ring)
MPRegen  0.08/turn              (no ring)

@: no status effects
A: negative energy resistance 1, electricity resistance, unbreathing,
petrification resistance, rot immunity, AC +3
a: no special abilities


You were on level 2 of the Dungeon.
You were not hungry.

You visited 1 branch of the dungeon, and saw 2 of its levels.

You collected 40 gold pieces.

Inventory:

Hand Weapons
 a - a +0 mace
 e - a +0 whip (weapon)
Armour
 b - a +0 robe (worn)
Scrolls
 d - 2 scrolls of identify {unknown}
 f - a scroll of fog {unknown}
 g - a scroll of enchant weapon {unknown}
Comestibles
 c - 5 rations
 h - 2 chunks of flesh


   Skills:
 + Level 3.7 Fighting
 + Level 3.5 Maces & Flails
 * Level 1.2 Armour
 - Level 2.4 Dodging
 - Level 2.1 Stealth


You had 2 spell levels left.
You didn't know any spells.

Dungeon Overview and Level Annotations

Branches:
Dungeon (2/15)

Altars:


Innate Abilities, Weirdness & Mutations

You are resistant to torment.
Your stone body is resilient. (AC +3)
You are immune to poison.
You resist negative energy. (rN+)
You are resistant to electric shocks. (rElec)
You can survive without breathing.
You are immune to petrification.
You are immune to rotting.


Message History

You barely miss the leopard gecko. The leopard gecko closely misses you.
You hit the leopard gecko.
The leopard gecko is heavily wounded.
The leopard gecko bites you but does no damage.
You hit the leopard gecko.
You kill the leopard gecko!
No target in view!
No target in view!
No target in view!
No target in view!
No target in view!
No target in view!
No target in view!
No target in view!
You see here a leopard gecko corpse.
You butcher the leopard gecko corpse.
h - 2 chunks of flesh Quiver which item? (- for none, * to show all) (? for menu, Esc to quit)
Okay, then.
Are you sure you want to abandon this character and quit the game? (Confirm with "yes".)

##.......##
##.....## ##
##...## .. #+## .#
#.# ##### .#
####.####...## .#
#......#.###.####.#
###.#......#
#......#
#......>...#
#.#@####
#.#.#.....#...##%#
.......#..##.###.#
#.#.#........# #.#
#.#.##.#..#### #.#
#.#.##.#... >.#
#.#... ...# ###
#.... . ###


There were no monsters in sight!

Vanquished Creatures
  2 worms (D:2)
  A dart slug (D:1)
  2 leopard geckos
  A bat (D:1)
  A giant cockroach (D:1)
  3 goblins
  A hobgoblin (D:1)
  4 kobolds (D:1)
  A frilled lizard (D:1)
  3 rats
19 creatures vanquished.

Notes
Turn   | Place    | Note
-------+----------+-------------------------------------------
     0 | D:1      | khargal the Gargoyle Monk began the quest for the Orb.
     0 | D:1      | Reached XP level 1. HP: 14/14 MP: 1/1
     2 | D:1      | Noticed a human
     2 | D:1      | Noticed an octopode
     4 | D:1      | Noticed a formicid
     4 | D:1      | Noticed a halfling
     6 | D:1      | Noticed a centaur
     8 | D:1      | Noticed a vampire
     8 | D:1      | Noticed a felid
    11 | D:1      | Noticed an elf
    11 | D:1      | Noticed a naga
    13 | D:1      | Noticed a vine stalker
    13 | D:1      | Noticed a merfolk
    15 | D:1      | Noticed a draconian
    17 | D:1      | Noticed an ogre
    17 | D:1      | Noticed a demonspawn
    19 | D:1      | Noticed a dwarf
    19 | D:1      | Noticed a troll
    21 | D:1      | Noticed a spriggan
    21 | D:1      | Noticed a demigod
    23 | D:1      | Noticed a tengu
    25 | D:1      | Noticed a gargoyle
    25 | D:1      | Noticed a minotaur
    27 | D:1      | Noticed a ghoul
   315 | D:1      | Reached XP level 2. HP: 19/19 MP: 2/2
   539 | D:1      | Reached skill level 1 in Armour
  1206 | D:2      | Reached XP level 3. HP: 6/24 MP: 3/3
  1451 | D:2      | Quit the game

Vault maps used:
D:1:      kb_arrival_jail, interstate_on_off
D:2:      nicolae_overflow_crystal_walls, first_ration

Skill      XL: |  1  2 |
---------------+-------+-----
Armour         | 1 |  1.2
Fighting       | |  3.7
Maces & Flails | |  3.5
Dodging        | |  2.4
Stealth        | |  2.1

Action                   || total
-------------------------++-------
Melee: Mace              ||    10
       Whip              ||    71
 Stab: Sleeping          ||     2
  Eat: Chunk             ||     2
Armor: Robe              ||    19
Dodge: Dodged            ||    37

Table legend:
 A = Spawn XP
 B = Non-spawn XP
 C = Spawn XP percentage of total XP
 D = Spawn monster count
 E = Non-spawn monster count
 F = Spawn count percentage of total count
 G = Total turns spent on level
                    A         B        C        D         E        F      G
               +---------+---------+-------+---------+---------+-------+---------
         Total |       0 |      41 |   0.0 |       0 |      19 |   0.0 |  1451
               +---------+---------+-------+---------+---------+-------+---------
           D:1 |       0 |      25 |   0.0 |       0 |      14 |   0.0 |   933
           D:2 |       0 |      16 |   0.0 |       0 |       5 |   0.0 |   518
               +---------+---------+-------+---------+---------+-------+---------
